 Dungeon Crawl Stone Soup version 0.31-a0-263-ge8cad7f (webtiles) character file.

Game seed: 10091034509900766079

83 BingusPrime the Changeling (level 4, -2/29 HPs)
             Began as an Octopode Shapeshifter on July 13, 2023.
             Killed by nerve-wracking pain
             ... invoked by an orc priest
              (7 damage)
             ... on level 3 of the Dungeon.
             The game lasted 00:05:06 (2164 turns).

BingusPrime the Changeling (Octopode Shapeshifter)  Turns: 2164, Time: 00:05:06

Health: -2/29      AC:  1    Str: 14    XL:     4   Next: 44%
Magic:  4/4        EV: 13    Int: 10    God:
Gold:   173        SH:  0    Dex: 14    Spells: 3/3 levels left

rFire   . .          .
                       - Unarmed
rCold   . . .        (no shield)
rNeg    . . .        (helmet currently unavailable)
rPois   .            (no amulet)
rElec   .            (no ring)
rCorr   .            (no ring)
SInv    .            (no ring)
Will    .....        (no ring)
Stlth   +++          (no ring)
HPRegen 0.24/turn    (no ring)
MPRegen 0.09/turn    (no ring)
                     (no ring)

%: no passive effects
@: beast-form
A: beast (slay +2), almost no armour, amphibious, 8 rings, camouflage 1,
gelatinous body 1, (nimble swimmer 1), tentacles
a: Begin Untransformation


You were on level 3 of the Dungeon.
You were a hulking beast.
You visited 1 branch of the dungeon, and saw 3 of its levels.

You collected 173 gold pieces.

Inventory:

Hand Weapons
 e - a +0 orcbow
Talismans
 b - a beast talisman
Scrolls
 h - a scroll of fear {unknown}
 i - 2 scrolls of identify {unknown}
Potions
 a - a potion of lignification
 c - a potion of might {unknown}
 d - 2 potions of mutation {unknown}
 f - 2 potions of degeneration {unknown}
 g - a potion of magic {unknown}


   Skills:
 - Level 2.2 Fighting
 * Level 1.1 Ranged Weapons
 + Level 2.5 Dodging
 * Level 1.9 Stealth
 + Level 2.8 Unarmed Combat
 + Level 3.3 Shapeshifting


You had 3 spell levels left.
You didn't know any spells.
Your spell library contained the following spells:

 Spells                   Type           Power      Damage    Failure   Level
 Vhi's Electric Charge    Tloc/Air       0%         N/A       75%         3
 Arcjolt                  Conj/Air       0%         1d10      100%        5
 Maxwell's Capacitive Co  Air            0%         ∞         100%        8


Dungeon Overview and Level Annotations

Branches:
Dungeon (3/15)

Altars:

Shops:
D:2 *


Innate Abilities, Weirdness & Mutations

You are a hulking beast.
Your limbs bulge with bestial killing power. (Slay +2)
You cannot wear most types of armour.
You are amphibious.
You can wear up to eight rings at the same time.
Your skin changes colour to match your surroundings (Stealth+).
Your rubbery body absorbs attacks. (AC +1, EV +1)
((You are camouflaged when in or above water. (Stealth+)))
You have tentacles for arms and can constrict up to eight enemies at once.


Message History

You kill the orc!
An orc comes into view. It is wielding a +0 mace.
You shoot an arrow. The arrow hits the orc.
The orc shouts!
The orc is severely wounded.
You shoot an arrow. The arrow hits the orc!
You kill the orc!
You see here a +0 hand axe.
An orc priest comes into view. It is wielding a +0 hand axe.
You shoot an arrow. The orc priest shouts!
The arrow hits the orc priest!
The orc priest is heavily wounded.
The orc priest mumbles some strange prayers to Beogh against you.
Beogh smites you!
You shoot an arrow. The arrow barely misses the orc priest.
Unknown command.
You shoot an arrow. The arrow barely misses the orc priest.
The orc priest calls down the wrath of Beogh upon you.
Beogh smites you!
* * * LOW HITPOINT WARNING * * *
You are too injured to fight recklessly!
Fire: e) +0 orcbow
Press: ? - help, Q - select action Shift-Dir - straight line, f/p - orc priest
Aim: an orc priest, wielding a +0 hand axe (heavily wounded, 54% to hit)
You shoot an arrow. The arrow hits the orc priest.
The orc priest is almost dead.
Fire: e) +0 orcbow
Press: ? - help, Q - select action Shift-Dir - straight line, f/p - orc priest
Aim: an orc priest, wielding a +0 hand axe (almost dead, 56% to hit)
You shoot an arrow.
The arrow completely misses the orc priest.
The orc priest miscasts a cantrip.
You are now empty-tentacled.
You barely miss the orc priest. You grab the orc priest.
The orc priest is almost dead.
You constrict the orc priest, but do no damage.
The orc priest invokes the aid of Beogh against you.
Pain shoots through your body!
You die...

#. #. ..# #..#. ..# #..#.
#.# #..#. #.# #P.#. #.#
#..#. #######.# #P #.
#.....o.# ####. #h# #...
####)# #.#. #....#
#.#####.#. # #.##.#
#.........
#.##)##.############..##
#...........# #..<.
###.#.#####.# ##.###
#.##....#####.######.....
#.#..#.....##.........###


You could see an orc priest.

Vanquished Creatures
  A worm (D:2)
  A dart slug (D:1)
  2 orcs (D:3)
  5 bats
  5 endoplasms
  3 giant cockroaches
  9 goblins
  9 hobgoblins
  5 jackals
  7 kobolds
  4 quokkas
  4 ball pythons
  3 frilled lizards
  8 rats
66 creatures vanquished.

Notes
Turn   | Place    | Note
-------+----------+-------------------------------------------
     0 | D:1      | BingusPrime the Octopode Shapeshifter began the quest for
                  | the Orb.
     0 | D:1      | Reached XP level 1. HP: 14/14 MP: 1/1
    65 | D:1      | Reached XP level 2. HP: 13/19 MP: 2/2
   416 | D:1      | Reached XP level 3. HP: 24/24 MP: 3/3
   458 | D:1      | Reached skill level 1 in Stealth
  1118 | D:2      | Reached skill level 1 in Ranged Weapons
  1118 | D:2      | Reached XP level 4. HP: 29/29 MP: 4/4
  1252 | D:2      | Found Oczeuk's General Store.
  2164 | D:3      | Killed from afar by an orc priest

Illustrated notes

Levels and vault maps discovered:
D:1:      lemuel_arrival_cross, layout_basic
D:2:      layout_basic, serial_shops, shop, hex_large
D:3:      layout_loops_cross, serial_aquarium, aquarium_bridge_long_joined
          [aquarium_subvault_balcony, aquarium_subvault_bridge,
          aquarium_subvault_window, aquarium_subvault_wall,
          aquarium_subvault_bridge, aquarium_subvault_bridge],
          aquarium_window_corridor_3, aquarium_window_2, aquarium_window_1,
          aquarium_window_fake, aquarium_view_2e, aquarium_view_2b,
          aquarium_pool_side, minmay_misc_feat_doors

Skill      XL: |  1  2  3 |
---------------+----------+-----
Stealth        | 1 |  1.9
Ranged Weapons | 1 |  1.1
Fighting       | |  2.2
Dodging        | |  2.5
Unarmed Combat | |  2.8
Shapeshifting  | |  3.3

Action                     |  1- 3 |  4- 6 || total
---------------------------+-------+-------++-------
  Melee: Unarmed           |    17 |     8 ||    25
         Constrict         |     4 |     3 ||     7
         Tentacles         |     5 |       ||     5
   Fire: Orcbow            |    86 |    44 ||   130
   Stab: Sleeping          |     1 |       ||     1
 Armour: Skin              |     2 |     1 ||     3
  Dodge: Dodged            |    36 |     6 ||    42

Table legend: (Time is in decaauts)
 A = Elapsed time spent in this place.
 B = Non-inter-level travel time spent in this place.
 C = Inter-level travel time spent in this place.
 D = Time resting spent in this place.
 E = Time spent auto-exploring this place.
 F = Levels seen in this place.
 G = Mean time per level.
                   A        B        C        D        E       F      G
               +--------+--------+--------+--------+--------+-----+--------+
         Total |   2213 |   2091 |    122 |      0 |   1772 |   3 |  737.7 |
       Dungeon |   2213 |   2091 |    122 |      0 |   1772 |   3 |  737.7 |
               +--------+--------+--------+--------+--------+-----+--------+

Top non-repeatable levels by time:
     D:2: 878 daAuts
     D:1: 767 daAuts
     D:3: 567 daAuts
